 Dungeon Crawl Stone Soup version 0.29-a0-383-g8b6f518c11 (webtiles) character file.

Game seed: 6866103260805291059

465 Artihs the Caller (level 7, 46/46 HPs)
             Began as a Human Summoner on May 5, 2022.
             Quit the game on level 5 of the Dungeon on May 6, 2022.
             The game lasted 00:37:32 (5218 turns).

Artihs the Caller (Human Summoner)                  Turns: 5218, Time: 00:37:32

Health: 46/46      AC:  2    Str:  9    XL:     7   Next: 29%
Magic:  12/12      EV: 13    Int: 17    God:
Gold:   192        SH:  0    Dex: 13    Spells: 1/13 levels left

rFire   . . .      SeeInvis .   F - +0 dagger (venom)
rCold   + . .      Faith    .   (no shield)
rNeg    . . .      Spirit   .   a - +0 robe
rPois   .          Reflect  .   (no helmet)
rElec   .          Harm     .   (no cloak)
rCorr   .          Rampage  .   (no gloves)
Will    .....                   (no boots)
Stlth   ++........              (no amulet)
HPRegen 0.15/turn               s - ring of protection from cold
MPRegen 0.13/turn               (no ring)

@: no status effects
A: no striking features
a: no special abilities


You were on level 5 of the Dungeon.
You visited 1 branch of the dungeon, and saw 5 of its levels.

You collected 192 gold pieces.

Inventory:

Hand Weapons
 c - a +1 mace of protection
 f - a +0 hunting sling
 F - a +0 dagger of venom (weapon)
Missiles
 i - 16 poisoned darts (quivered)
 v - 5 boomerangs of dispersal
Armour
 a - a +0 robe (worn)
 g - a +1 scale mail of willpower
 E - a +0 tower shield
Magical Staves
 j - a staff of fire
 A - a staff of air
Jewellery
 s - a ring of protection from cold (left hand)
Wands
 z - a wand of polymorph (4)
 G - a wand of flame (32)
Scrolls
 d - 2 scrolls of immolation {unknown}
 e - 2 scrolls of blinking {unknown}
 k - 5 scrolls of identify {unknown}
 l - a scroll of summoning {unknown}
 n - a scroll of amnesia {unknown}
 o - 2 scrolls of enchant armour {unknown}
 p - a scroll of fear {unknown}
 x - a scroll of poison {unknown}
 y - 2 scrolls of teleportation {unknown}
 C - a scroll of magic mapping {unknown}
 D - a scroll of brand weapon {unknown}
 I - a scroll of enchant weapon {unknown}
Potions
 b - a potion of magic
 h - a potion of haste {unknown}
 m - a potion of ambrosia {unknown}
 q - 2 potions of degeneration {unknown}
 r - a potion of cancellation {unknown}
 t - a potion of heal wounds {unknown}
 u - a potion of curing {unknown}
 w - a potion of brilliance {unknown}
 B - a potion of attraction {unknown}
 H - 2 potions of mutation {unknown}


   Skills:
 * Level 4.0 Dodging
 + Level 3.2 Stealth
 * Level 3.5 Spellcasting
 * Level 5.2 Summonings
 + Level 2.0 Fire Magic
 + Level 1.7 Evocations


You had one spell level left.
You knew the following spells:

 Your Spells              Type           Power      Damage    Failure   Level
a - Summon Small Mammal   Summ           80%        N/A       1%          1
b - Call Imp              Summ           20%        N/A       2%          2
c - Call Canine Familiar  Summ           20%        N/A       5%          3
d - Summon Guardian Gole  Hex/Summ       12%        N/A       17%         3
e - Stone Arrow           Conj/Erth      6%         3d7       45%         3

Your spell library contained the following spells:

 Spells                   Type           Power      Damage    Failure   Level
 Summon Lightning Spire   Summ/Air       12%        N/A       50%         4
 Death Channel            Necr           1%         N/A       100%        6
 Haunt                    Necr/Summ      6%         N/A       100%        7


Dungeon Overview and Level Annotations

Branches:
Dungeon (5/15)
 Temple: D:4-7

Altars:


Message History

You see here a jackal corpse.
Your white imp disappears in a puff of smoke!
Your hound disappears in a puff of smoke!
HP restored.
You see here a jackal corpse.
Things that are here:
a jackal corpse; a jackal corpse You see here a jackal corpse.
You now have 192 gold pieces (gained 8).
You see here a +0 hand axe.
Found a hand axe.
Found a scale mail.
You see here a +0 mace.
You see here 21 stones.
You see here a +0 club.
Done exploring.
Done exploring.
(D) Dungeon
Where to? (Enter - D:4 @ (x,y), ? - help)
You see here a +0 hunting sling.
There is a stone staircase leading down here.
You climb downwards.
There is a stone staircase leading up here.
This spell is quite dangerous to cast!
Memorise Stone Arrow, consuming 3 spell levels and leaving 1?
You start memorising the spell.
You continue memorising. x3
You finish memorising.
Spell assigned to 'e'.
Found a scroll labelled DYOWETH NUGI.
Found 25 stones.
I - a scroll labelled DYOWETH NUGI
Found a wand of flame (21).
You see here 25 stones.
G - a wand of flame (32) (gained 21 charges) Unknown command.
Saving game... please wait.
Welcome back, Artihs the Human Summoner.
Press ? for a list of commands and other information.
Welcome back, Artihs the Human Summoner.
Press ? for a list of commands and other information.
Are you sure you want to abandon this character and quit the game? (Confirm with "yes".)

#.######
#.##...#
#.##.#.#
#.##.#.#
#.##.#.#
#.##.#.#
#.##.#.#
#...@#.#
####(..#
#.###
#.# #.#
#.# #.#
#.# #.#


There were no monsters in sight!

Vanquished Creatures
  A scorpion (D:4)
  Terence (D:3)
  Ijyb (D:4)
  2 ball pythons (D:1)
  An endoplasm (D:1)
  3 goblins
  A hobgoblin (D:3)
  4 jackals
  2 bats
  A frilled lizard (D:1)
  A kobold (D:1)
  2 rats
20 creatures vanquished.

Vanquished Creatures (collateral kills)
  A sky beast (D:4)
  2 scorpions
  A hound (D:4)
  An adder (D:2)
  An ufetubus (D:4)
  2 worms (D:2)
  A dart slug (D:2)
  4 orcs
  3 ball pythons
  2 bats (D:2)
  5 endoplasms
  2 giant cockroaches
  13 goblins
  5 hobgoblins
  10 jackals
  4 quokkas
  2 frilled lizards
  5 kobolds
  2 rats
66 creatures vanquished.

Grand Total: 86 creatures vanquished

Notes
Turn   | Place    | Note
-------+----------+-------------------------------------------
     0 | D:1      | Artihs the Human Summoner began the quest for the Orb.
     0 | D:1      | Reached XP level 1. HP: 13/13 MP: 3/3
   171 | D:1      | Reached XP level 2. HP: 19/19 MP: 1/5
   176 | D:1      | Learned a level 2 spell: Call Imp
   335 | D:1      | Reached XP level 3. HP: 22/24 MP: 1/6
   797 | D:2      | Got the Tome of Unholy Magic and Clay
   803 | D:2      | Learned a level 3 spell: Call Canine Familiar
  1117 | D:2      | Reached XP level 4. HP: 30/30 MP: 5/7
  1592 | D:2      | Noticed a scorpion
  1611 | D:2      | Killed a scorpion
  1612 | D:2      | Reached skill level 1 in Fire Magic
  1612 | D:2      | Reached XP level 5. HP: 35/35 MP: 3/9
  1974 | D:2      | You fall into a shaft and drop 2 floors!
  2114 | D:4      | Reached skill level 1 in Evocations
  2114 | D:4      | Reached XP level 6. HP: 25/41 MP: 4/10
  2256 | D:3      | Noticed Terence
  2580 | D:3      | Killed Terence
  3137 | D:3      | Learned a level 3 spell: Summon Guardian Golem
  3715 | D:4      | Noticed a sky beast
  3817 | D:4      | Killed a sky beast
  3818 | D:4      | Reached skill level 5 in Summonings
  3961 | D:4      | Reached XP level 7. HP: 36/46 MP: 4/12
  4010 | D:4      | Noticed Ijyb
  4028 | D:4      | Killed Ijyb
  5185 | D:5      | Entered Level 5 of the Dungeon
  5192 | D:5      | Learned a level 3 spell: Stone Arrow
  5218 | D:5      | Upgraded the game from 0.29-a0-378-gc08b2e8bf8 to
                  | 0.29-a0-383-g8b6f518c11
  5218 | D:5      | Quit the game

Illustrated notes

Levels and vault maps discovered:
D:1:      sevenhm_arrival_forest_fort_large_2, layout_rooms
D:2:      layout_loops_corners, chequers_serial_rivers_small_b,
          minmay_pentomino_t4
D:3:      layout_basic, chequers_mini_garden, uniq_terence
D:4:      kennysheep_goblin_castle, layout_loops_ring, serial_co_window_serial,
          co_window_paths_a, co_window_paths_a, co_window_paths_a,
          co_window_of_opportunity_a, co_window_corner_a, co_window_broadway_b,
          co_window_of_opportunity_b, co_window_corner_ca,
          co_window_of_opportunity_b, co_window_of_opportunity_c,
          co_window_paths_c, co_window_sun, co_window_paths_e
D:5:      layout_basic, trog_ov_bears_minmay, serial_bayou_pond_b,
          uniq_prince_ribbit1

Skill      XL: |  1  2  3  4  5  6  7 |
---------------+----------------------+-----
Dodging        | 3 4 |  4.0
Fire Magic     | 1 2 |  2.0
Spellcasting   | 3 |  3.5
Evocations     | 1 |  1.7
Summonings     | 5 |  5.2
Stealth        | 3 |  3.2

Action                   |  1- 3 |  4- 6 |  7- 9 || total
-------------------------+-------+-------+-------++-------
Melee: Mace              |    22 |       |       ||    22
       Punch             |     1 |       |       ||     1
       Staff             |     9 |    24 |       ||    33
       Dagger            |       |     4 |    14 ||    18
Throw: Dart              |       |    17 |       ||    17
 Cast: Summon Small Mamm |    29 |    38 |    14 ||    81
       Call Imp          |     8 |    16 |     4 ||    28
       Call Canine Famil |     2 |    15 |     9 ||    26
 Stab: Sleeping          |     1 |       |     1 ||     2
Armor: Robe              |    17 |     6 |     6 ||    29
Dodge: Dodged            |    41 |    41 |    20 ||   102

Table legend: (Time is in decaauts)
 A = Elapsed time spent in this place.
 B = Non-inter-level travel time spent in this place.
 C = Inter-level travel time spent in this place.
 D = Time resting spent in this place.
 E = Time spent auto-exploring this place.
 F = Levels seen in this place.
 G = Mean time per level.
                   A        B        C        D        E       F      G
               +--------+--------+--------+--------+--------+-----+--------+
         Total |   5234 |   4141 |   1093 |    937 |   2247 |   5 | 1046.8 |
       Dungeon |   5234 |   4141 |   1093 |    937 |   2247 |   5 | 1046.8 |
               +--------+--------+--------+--------+--------+-----+--------+

Top non-repeatable levels by time:
     D:4: 2196 daAuts
     D:2: 1396 daAuts
     D:3: 807 daAuts
     D:1: 801 daAuts
     D:5: 32 daAuts
